Workbook

Sheet Financial Highlights
A1: Financial Highlights
C3: (Years ended March 31) | M3: （\ millions）
D4: FY2008 | E4: FY2009 | F4: FY2010 | G4: FY2011 | H4: FY2012 | I4: FY2013 | J4: FY2014 | K4: FY2015 | L4: FY2016 | M4: FY2017
B5: 【Consolidated】
C6: Net Sales | D6: 302777 | E6: 314911 | F6: 295923 | G6: 246147 | H6: 191082 | I6: 233802 | J6: 216553 | K6: 170041 | L6: 133838 | M6: 130130
C7: Operating Income (Loss) | D7: 1409 | E7: 11148 | F7: 772 | G7: -105 | H7: -6568 | I7: -6071 | J7: -659 | K7: -10539 | L7: -6775 | M7: -10885
C8: Ordinary Income (Loss) | D8: 1226 | E8: 11684 | F8: 1290 | G8: -457 | H8: -1681 | I8: -2908 | J8: 600 | K8: -13653 | L8: -7726 | M8: -11909
C9: Net Income (Loss) | D9: -17364 | E9: 10328 | F9: -1169 | G9: -5261 | H9: -9869 | I9: -7400 | J9: 31 | K9: -33839 | L9: -6745 | M9: -24709
C10: Comprehensive Income (Loss) | D10: - | E10: - | F10: -10252 | G10: -7117 | H10: -2412 | I10: -2928 | J10: 9191 | K10: -37479 | L10: -6098 | M10: -25467
C11: Net Assets | D11: 135596 | E11: 142779 | F11: 131228 | G11: 123212 | H11: 119264 | I11: 114743 | J11: 123218 | K11: 84439 | L11: 76656 | M11: 50717
C12: Total Assets | D12: 199882 | E12: 204057 | F12: 193910 | G12: 176607 | H12: 194207 | I12: 180729 | J12: 188902 | K12: 154191 | L12: 108685 | M12: 80270
C13: Shareholders’ Equity | D13: 135134 | E13: 141991 | F13: 130088 | G13: 122131 | H13: 117969 | I13: 113568 | J13: 122014 | K13: 83328 | L13: 76507 | M13: 50699
C14: Shareholders’ Equity per Share ( \ ) | D14: 3963.72 | E14: 4164.86 | F14: 3813.57 | G14: 3579.54 | H14: 3457.56 | I14: 3328.58 | J14: 3576.14 | K14: 2442.28 | L14: 2242.38 | M14: 1485.96
C15: Net Income (Loss) per Share ( \ ) | D15: -509.33 | E15: 302.97 | F15: -34.31 | G15: -154.23 | H15: -289.26 | I15: -216.89 | J15: 0.92 | K15: -991.81 | L15: -197.7 | M15: -724.21
C16: Net Cash Provided by (Used in) Operating Activities | D16: -728 | E16: 3640 | F16: -5165 | G16: 16416 | H16: -8022 | I16: -1251 | J16: 16897 | K16: -7549 | L16: -13329 | M16: -5369
C17: Net Cash Provided by (Used in) Investing Activities | D17: -10795 | E17: -2713 | F17: 4070 | G17: -6434 | H17: 12863 | I17: -2730 | J17: -17360 | K17: 11805 | L17: 13266 | M17: -2174
C18: Net Cash Provided by (Used in) Financing Activities | D18: -2563 | E18: -7870 | F18: 2465 | G18: -6717 | H18: 5128 | I18: -4676 | J18: -2725 | K18: 69 | L18: -11150 | M18: -584
C19: Cash and Cash Equivalents, End of Year | D19: 40180 | E19: 34063 | F19: 33745 | G19: 36567 | H19: 50238 | I19: 43612 | J19: 42991 | K19: 47116 | L19: 38971 | M19: 30650
B21: 【Non-Consolidated】
C22: Net Sales | D22: 203890 | E22: 253511 | F22: 248286 | G22: 195880 | H22: 156878 | I22: 177794 | J22: 153968 | K22: 135147 | L22: 103982 | M22: 119197
C23: Operating Income (Loss) | D23: -1625 | E23: -339 | F23: -233 | G23: -307 | H23: -6275 | I23: -2878 | J23: -2540 | K23: -7860 | L23: -9084 | M23: -6594
C24: Ordinary Income (Loss) | D24: 10997 | E24: -445 | F24: 5943 | G24: 10165 | H24: 18574 | I24: -1108 | J24: -1223 | K24: 14980 | L24: -5315 | M24: -8414
C25: Net Income (Loss) | D25: -8693 | E25: -1106 | F25: 6267 | G25: 2621 | H25: 12452 | I25: -10099 | J25: -531 | K25: -4610 | L25: 2138 | M25: -19435
C26: Net Assets | D26: 73645 | E26: 71759 | F26: 76851 | G26: 77584 | H26: 88723 | I26: 77639 | J26: 76222 | K26: 70197 | L26: 71269 | M26: 51362
C27: Total Assets | D27: 108545 | E27: 107399 | F27: 109563 | G27: 112717 | H27: 119151 | I27: 118611 | J27: 115895 | K27: 116239 | L27: 91994 | M27: 73612
C28: Shareholders’ Equity | D28: 73628 | E28: 71696 | F28: 76763 | G28: 77477 | H28: 88601 | I28: 77506 | J28: 76079 | K28: 70052 | L28: 71119 | M28: 51344
C29: Common Stock | D29: 31280 | E29: 31280 | F29: 31300 | G29: 31307 | H29: 31307 | I29: 31307 | J29: 31307 | K29: 31307 | L29: 31307 | M29: 31307
C30: Shares Outstanding (Thousands of Shares) | D30: 34092 | E30: 34092 | F30: 34099 | G30: 34114 | H30: 34119 | I30: 34119 | J30: 34119 | K30: 34119 | L30: 34119 | M30: 34119
C31: Shareholders’ Equity per Share ( \ ) | D31: 2159.63 | E31: 2103 | F31: 2250.35 | G31: 2270.78 | H31: 2596.83 | I31: 2271.65 | J31: 2229.81 | K31: 2053.17 | L31: 2084.46 | M31: 1504.87
C32: Dividend per Share ( \ ) | D32: 40 | E32: 40 | F32: 40 | G32: 50 | H32: 35 | I32: 35 | J32: 35 | K32: 30 | L32: 10 | M32: 0
C33: Net Income (Loss) per Share ( \ ) | D33: -254.98 | E33: -32.45 | F33: 183.79 | G33: 76.86 | H33: 364.97 | I33: -296.02 | J33: -15.59 | K33: -135.12 | L33: 62.69 | M33: -569.64
B35: Note: Shares outstanding calculated after exclusion of treasury shares.

Sheet Financial Data【Chart】
A2: Financial Highlights about Income Statement(Consolidated) | L2: (Years ended March 31)
A42: Financial Highlights about Balance Sheet(Consolidated) | L42: (Years ended March 31)
D103: FY2005 | E103: FY2006 | F103: FY2007 | G103: FY2008 | H103: FY2009 | I103: FY2010 | J103: FY2011 | K103: FY2012 | L103: FY2013 | M103: FY2014 | N103: FY2015 | O103: FY2016
C104: Net Sales | D104: ='Financial Highlights'!#REF! -> #REF! | E104: ='Financial Highlights'!#REF! -> #REF! | F104: ='Financial Highlights'!D6 -> 302777 | G104: ='Financial Highlights'!E6 -> 314911 | H104: ='Financial Highlights'!F6 -> 295923 | I104: ='Financial Highlights'!G6 -> 246147 | J104: ='Financial Highlights'!H6 -> 191082 | K104: ='Financial Highlights'!I6 -> 233802 | L104: ='Financial Highlights'!J6 -> 216553 | M104: ='Financial Highlights'!K6 -> 170041 | ... O104: ='Financial Highlights'!M6 -> 130130
C105: Operating Income / Loss | D105: ='Financial Highlights'!#REF! -> #REF! | E105: ='Financial Highlights'!#REF! -> #REF! | F105: ='Financial Highlights'!D7 -> 1409 | G105: ='Financial Highlights'!E7 -> 11148 | H105: ='Financial Highlights'!F7 -> 772 | I105: ='Financial Highlights'!G7 -> -105 | J105: ='Financial Highlights'!H7 -> -6568 | K105: ='Financial Highlights'!I7 -> -6071 | L105: ='Financial Highlights'!J7 -> -659 | M105: ='Financial Highlights'!K7 -> -10539 | ... O105: ='Financial Highlights'!M7 -> -10885
C106: Ordinary Income / Loss | D106: ='Financial Highlights'!#REF! -> #REF! | E106: ='Financial Highlights'!#REF! -> #REF! | F106: ='Financial Highlights'!D8 -> 1226 | G106: ='Financial Highlights'!E8 -> 11684 | H106: ='Financial Highlights'!F8 -> 1290 | I106: ='Financial Highlights'!G8 -> -457 | J106: ='Financial Highlights'!H8 -> -1681 | K106: ='Financial Highlights'!I8 -> -2908 | L106: ='Financial Highlights'!J8 -> 600 | M106: ='Financial Highlights'!K8 -> -13653 | ... O106: ='Financial Highlights'!M8 -> -11909
C107: Net Income / Loss | D107: ='Financial Highlights'!#REF! -> #REF! | E107: ='Financial Highlights'!#REF! -> #REF! | F107: ='Financial Highlights'!D9 -> -17364 | G107: ='Financial Highlights'!E9 -> 10328 | H107: ='Financial Highlights'!F9 -> -1169 | I107: ='Financial Highlights'!G9 -> -5261 | J107: ='Financial Highlights'!H9 -> -9869 | K107: ='Financial Highlights'!I9 -> -7400 | L107: ='Financial Highlights'!J9 -> 31 | M107: ='Financial Highlights'!K9 -> -33839 | ... O107: ='Financial Highlights'!M9 -> -24709
C108: Total Equity | D108: ='Financial Highlights'!#REF! -> #REF! | E108: ='Financial Highlights'!#REF! -> #REF! | F108: ='Financial Highlights'!D11 -> 135596 | G108: ='Financial Highlights'!E11 -> 142779 | H108: ='Financial Highlights'!F11 -> 131228 | I108: ='Financial Highlights'!G11 -> 123212 | J108: ='Financial Highlights'!H11 -> 119264 | K108: ='Financial Highlights'!I11 -> 114743 | L108: ='Financial Highlights'!J11 -> 123218 | M108: ='Financial Highlights'!K11 -> 84439 | ... O108: ='Financial Highlights'!M11 -> 50717
C109: Total Assets | D109: ='Financial Highlights'!#REF! -> #REF! | E109: ='Financial Highlights'!#REF! -> #REF! | F109: ='Financial Highlights'!D12 -> 199882 | G109: ='Financial Highlights'!E12 -> 204057 | H109: ='Financial Highlights'!F12 -> 193910 | I109: ='Financial Highlights'!G12 -> 176607 | J109: ='Financial Highlights'!H12 -> 194207 | K109: ='Financial Highlights'!I12 -> 180729 | L109: ='Financial Highlights'!J12 -> 188902 | M109: ='Financial Highlights'!K12 -> 154191 | ... O109: ='Financial Highlights'!M12 -> 80270
C110: Shareholders’ Equity | D110: ='Financial Highlights'!#REF! -> #REF! | E110: ='Financial Highlights'!#REF! -> #REF! | F110: ='Financial Highlights'!D13 -> 135134 | G110: ='Financial Highlights'!E13 -> 141991 | H110: ='Financial Highlights'!F13 -> 130088 | I110: ='Financial Highlights'!G13 -> 122131 | J110: ='Financial Highlights'!H13 -> 117969 | K110: ='Financial Highlights'!I13 -> 113568 | L110: ='Financial Highlights'!J13 -> 122014 | M110: ='Financial Highlights'!K13 -> 83328 | ... O110: ='Financial Highlights'!M13 -> 50699

Sheet Sales by Item
A2: Sales by Item (Consolidated)
B4: (Years ended March 31) | M4: （\ millions / %）
D5: FY2008 | E5: FY2009 | F5: FY2010 | G5: FY2011 | H5: FY2012 | I5: FY2013 | J5: FY2014 | K5: FY2015 | L5: FY2016 | M5: FY2017
C6: Audiovisual Equipment | D6: 230600 | E6: 233528 | F6: 198606 | G6: 183507 | H6: 154940 | I6: 182945 | J6: 171987 | K6: 147742 | L6: 115262 | M6: 122570
D7: 76.1 | E7: 74.2 | F7: 67.1 | G7: 74.5 | H7: 81.1 | I7: 78.2 | J7: 79.4 | K7: 86.9 | L7: 86.1 | M7: 94.2
C8: Information Equipment | D8: 45005 | E8: 54629 | F8: 56405 | G8: 30013 | H8: 11965 | I8: 18876 | J8: 12634 | K8: 5000 | L8: 5075 | M8: 3334
D9: 14.9 | E9: 17.3 | F9: 19.1 | G9: 12.2 | H9: 6.3 | I9: 8.1 | J9: 5.8 | K9: 2.9 | L9: 3.8 | M9: 2.6
C10: Others | D10: 27171 | E10: 26754 | F10: 40912 | G10: 32627 | H10: 24176 | I10: 31981 | J10: 31932 | K10: 17297 | L10: 13500 | M10: 4225
D11: 9 | E11: 8.5 | F11: 13.8 | G11: 13.3 | H11: 12.6 | I11: 13.7 | J11: 14.8 | K11: 10.2 | L11: 10.1 | M11: 3.2
C12: Total | D12: 302777 | E12: 314911 | F12: 295923 | G12: 246147 | H12: 191082 | I12: 233802 | J12: 216553 | K12: 170041 | L12: 133838 | M12: 130130
D13: 100 | E13: 100 | F13: 100 | G13: 100 | H13: 100 | I13: 100 | J13: 100 | K13: 100 | L13: 100 | M13: 100
D87: FY2016 | E87: FY2017
C88: Audiovisual Equipment | D88: 115262 | E88: 122570
C89: Information Equipment | D89: 5075 | E89: 3334
C90: Others | D90: 13500 | E90: 4225
C91: Total | D91: 133838 | E91: 130130

Sheet Sales by Area
B2: Sales by Area (Consolidated)
C4: (Years ended March 31) | N4: （\ millions / %）
E5: FY2008 | F5: FY2009 | G5: FY2010 | H5: FY2011 | I5: FY2012 | J5: FY2013 | K5: FY2014 | L5: FY2015 | M5: FY2016 | N5: FY2017
D6: Overseas | E6: 265714 | F6: 266531 | G6: 201727 | H6: 164857 | I6: 155216 | J6: 195693 | K6: 184342 | L6: 138564 | M6: 104317 | N6: 96233
E7: 87.8 | F7: 84.6 | G7: 68.2 | H7: 67 | I7: 81.2 | J7: 83.7 | K7: 85.1 | L7: 81.5 | M7: 78 | N7: 74
D8: Americas | E8: 216150 | F8: 216454 | G8: 155754 | H8: 134111 | I8: 132383 | J8: 184730 | K8: 176109 | L8: 135883 | M8: 102869 | N8: 94303
E9: 71.4 | F9: 68.7 | G9: 52.6 | H9: 54.5 | I9: 69.3 | J9: 79 | K9: 81.3 | L9: 79.9 | M9: 76.9 | N9: 72.5
D10: Europe | E10: 36372 | F10: 30490 | G10: 23836 | H10: 12592 | I10: 6200 | J10: 7735 | K10: 6122 | L10: 1659 | M10: 1023 | N10: 538
E11: 12 | F11: 9.7 | G11: 8.1 | H11: 5.1 | I11: 3.2 | J11: 3.3 | K11: 2.8 | L11: 1 | M11: 0.8 | N11: 0.4
D12: Asia | E12: 6879 | F12: 8822 | G12: 8505 | H12: 9290 | I12: 3541 | J12: 2635 | K12: 1870 | L12: 1022 | M12: 424 | N12: 1391
E13: 2.3 | F13: 2.8 | G13: 2.9 | H13: 3.8 | I13: 1.9 | J13: 1.1 | K13: 0.9 | L13: 0.6 | M13: 0.3 | N13: 1.1
D14: Others | E14: 6312 | F14: 10765 | G14: 13630 | H14: 8862 | I14: 13090 | J14: 591 | K14: 239
E15: 2.1 | F15: 3.4 | G15: 4.6 | H15: 3.6 | I15: 6.8 | J15: 0.3 | K15: 0.1
D16: Japan | E16: 37063 | F16: 48380 | G16: 94196 | H16: 81290 | I16: 35865 | J16: 38109 | K16: 32211 | L16: 31477 | M16: 29521 | N16: 33897
E17: 12.2 | F17: 15.4 | G17: 31.8 | H17: 33 | I17: 18.8 | J17: 16.3 | K17: 14.9 | L17: 18.5 | M17: 22 | N17: 26
D18: Total | E18: 302777 | F18: 314911 | G18: 295923 | H18: 246147 | I18: 191082 | J18: 233802 | K18: 216553 | L18: 170041 | M18: 133838 | N18: 130130
E19: 100 | F19: 100 | G19: 100 | H19: 100 | I19: 100 | J19: 100 | K19: 100 | L19: 100 | M19: 100 | N19: 100
C21: (Note) Effective from FY 2014, sales to Central and South America, which were previously included in the Asia and others , have been included in Americas. The segment name North America has been changed to Americas.
D109: 2017/3 | E109: 2018/3
B110: North America | D110: 102869 | E110: 94303
B111: Europe | D111: 1023 | E111: 538
B112: Asia | D112: 424 | E112: 1391
B113: Others
B114: Japan | D114: 29521 | E114: 33897

Sheet Indices
A2: Indices (Consolidated)
B3: (Years ended March 31)
D4: FY2008 | E4: FY2009 | F4: FY2010 | G4: FY2011 | H4: FY2012 | I4: FY2013 | J4: FY2014 | K4: FY2015 | L4: FY2016 | M4: FY2017
B5: 【Profitability】
C6: Ratio of Gross Profit to Net Slaes (%) | D6: 14.69 | E6: 18.25 | F6: 13.62 | G6: 15.181172 | H6: 14.460807 | I6: 13.750524 | J6: 16.988913 | K6: 14.919931 | L6: 14.228396 | M6: 6.6087758
C7: Ratio of Operating Income to Net Sales (%) | D7: 0.46535899 | E7: 3.5400478 | F7: 0.26087867 | G7: -0.042657436 | H7: -3.4372678 | I7: -2.5966416 | J7: -0.30431349 | K7: -6.197917 | L7: -5.06209 | M7: -8.3647122
C8: Ratio of Ordinary Income to Net Sales (%) | D8: 0.40491847 | E8: 3.7102546 | F8: 0.43592421 | G8: -0.18566141 | H8: -0.87972703 | I8: -1.2437875 | J8: 0.27706843 | K8: -8.02924 | L8: -5.7726505 | M8: -9.1516176
B10: 【Safety】
C11: Shareholders' Equity Ratio (%) | D11: 67.61 | E11: 69.58 | F11: 67.09 | G11: 69.15 | H11: 60.74 | I11: 62.84 | J11: 64.59 | K11: 54.04 | L11: 70.39 | M11: 63.160583
C12: Current Ratio (%) | D12: 271.12 | E12: 297.39 | F12: 269.53 | G12: 287.44007 | H12: 230.7946 | I12: 256.0272 | J12: 278.71054 | K12: 205.96426 | L12: 289.10566 | M12: 252.51099
C13: Interest Coverage Ratio (times) | D13: － | E13: 43.65 | F13: － | G13: 130.54 | H13: － | I13: － | J13: 89.6 | K13: － | L13: － | M13: -
B14: Note: Interest Coverage Ratio = Net Cash Provided by Operating Activities / Interest Expenses Paid
B15: 【Efficiency】
C16: Total Assets Turnover (times) | D16: 1.43 | E16: 1.56 | F16: 1.49 | G16: 1.33 | H16: 1.03 | I16: 1.25 | J16: 1.17 | K16: 0.99122395 | L16: 1.0182596 | M16: 1.377365
C17: Fixed Assets Turnover (times) | D17: 5.34 | E17: 8.62 | F17: 8.22 | G17: 7.458322 | H17: 6.3023846 | I17: 6.9769774 | J17: 5.9970368 | K17: 5.1608899 | L17: 4.9425928 | M17: 7.2959184
C18: Turnover of Tangible Fixed Assets (times) | D18: 18.46 | E18: 19.88 | F18: 18.53 | G18: 15.842124 | H18: 12.147616 | I18: 12.120373 | J18: 10.02305 | K18: 8.6077096 | L18: 8.5887185 | M18: 12.301947
B19: Note: The amounts of total assets, fixed assets, and tangible fixed assets are an average of the amount at the beginning of the period and the amount at the end of the period, respectively.
B20: 【Productivity】
C21: Net Sales per Employee (\ thousands) | D21: 116902 | E21: 123349 | F21: 103433.41 | G21: 61690.977 | H21: 40008.794 | I21: 45735.915 | J21: 60086.848 | K21: 51248.041 | L21: 40717.371 | M21: 54040.698
C22: Operating Income per Employee (\ thousands) | D22: 544 | E22: 4366 | F22: 269 | G22: -26.315789 | H22: -1375.2094 | I22: -1187.5978 | J22: -182.85239 | K22: -3176.311 | L22: -2061.15 | M22: -4520.3488
C23: Number of Employees (persons) | D23: 2590 | E23: 2553 | F23: 2861 | G23: 3990 | H23: 4776 | I23: 5112 | J23: 3604 | K23: 3318 | L23: 3287 | M23: 2408
B24: Note1: Sales per employee and operating income per employee are calculated using the number of employees at the end of the period. Note2: The figure for number of total employees does not include those employees of consignment production plant located in China.
B25: 【Cash Flow】
C26: Free Cash Flow (\ millions) | D26: -11523 | E26: 926 | F26: -1095 | G26: 9981 | H26: 4841 | I26: -3981 | J26: -463 | K26: 4256 | L26: -63 | M26: -7543
C27: Depreciation Expense (\ millions) | D27: 4929 | E27: 5756 | F27: 6367 | G27: 6547 | H27: 5264 | I27: 6479 | J27: 5855 | K27: 4498 | L27: 4098 | M27: 2258
C28: Capital Investment (\ millions) | D28: 5013 | E28: 4309 | F28: 6061 | G28: 3931 | H28: 5345 | I28: 5094 | J28: 3275 | K28: 2462 | L28: 3070 | M28: 2156
B29: Note: Free Cash Flow = Net Cash Provided by (Used in) Operating Activities + Net Cash Provided by (Used in) Investing Activities
B30: 【Per Share Data】
C31: Net Income per Share (\) | D31: -509.33 | E31: 302.97 | F31: -34.31 | G31: -154.23 | H31: -289.26 | I31: -216.89 | J31: 0.92 | K31: -991.81 | L31: -197.7 | M31: -724.21
C32: Shareholders' Equity per Share (\) | D32: 3963.72 | E32: 4164.86 | F32: 3813.57 | G32: 3579.54 | H32: 3457.56 | I32: 3328.58 | J32: 3576.14 | K32: 2442.28 | L32: 2242.38 | M32: 1485.96
C33: Return on Equity (%) | D33: -11.85 | E33: 7.45 | F33: -0.85930924 | G33: -4.1717714 | H33: -8.2207414 | I33: -6.3920669 | J33: 0.0263178 | K33: -32.958674 | L33: -8.4399537 | M33: -38.848796
